 Dungeon Crawl Stone Soup version 0.30-a0-782-ge64f9170bb (webtiles) character file.

Game seed: 4726713689198731685

164353 Flugkiller the Scorcher (level 17, -3/166 HPs)
             Began as an Ogre Fire Elementalist on Feb 27, 2023.
             Was the Champion of Vehumet.
             Slain by a tentacled starspawn (12 damage)
             ... on level 2 of the Abyss.
             The game lasted 00:53:36 (30307 turns).

Flugkiller the Scorcher (Ogre Fire Elementalist)   Turns: 30307, Time: 00:53:37

Health: -3/166     AC:  8    Str: 16    XL:     17   Next: 85%
Magic:  33/38      EV:  9    Int: 26    God:    Vehumet [******]
Gold:   2646       SH:  0    Dex:  9    Spells: 11/50 levels left

rFire   + + .      SeeInvis .    R - staff of fire
rCold   . . .      Faith    .    (no shield)
rNeg    . . .      Spirit   .    N - +0 troll leather armour
rPois   .          Reflect  .    l - +0 hat
rElec   .          Harm     .    y - +2 cloak {rCorr}
rCorr   +          Rampage  .    (gloves unavailable)
Will    +....                    (boots unavailable)
Stlth   +                        z - amulet of the acrobat
HPRegen 0.00/turn                J - ring of fire
MPRegen 0.26/turn                Y - ring "Addi" {rC+ Int+4}

@: sick, slightly contaminated
A: large, unfitting armour, tough skin 1
a: Renounce Religion


You were on level 2 of the Abyss.
You worshipped Vehumet.
Vehumet was exalted by your worship.
You visited 5 branches of the dungeon, and saw 26 of its levels.
You visited the Abyss 2 times.

You collected 3432 gold pieces.
You spent 786 gold pieces at shops.

Inventory:

Missiles
 k - 5 curare-tipped darts (quivered)
Armour
 l - a +0 hat (worn)
   (You found it on level 2 of the Lair of Beasts)
 y - a +2 cloak of preservation (worn)
   (You acquired it on level 5 of the Dungeon)
 F - a +0 kite shield
   (You found it on level 6 of the Dungeon)
 N - a +0 troll leather armour (worn)
   (You found it on level 9 of the Dungeon)
Magical Staves
 O - a staff of air
   (You bought it in a shop on level 12 of the Dungeon)
 R - a staff of fire (weapon)
   (You found it on level 15 of the Dungeon)
Jewellery
 f - a ring of protection from fire
   (You found it on level 4 of the Lair of Beasts)
 i - a ring of see invisible
   (You found it on level 2 of the Dungeon)
 m - a ring of willpower
   (You found it on level 12 of the Dungeon)
 p - a +4 ring of protection
   (You found it on level 6 of the Dungeon)
 x - a ring of magical power
   (You found it on level 3 of the Dungeon)
 z - an amulet of the acrobat (around neck)
   (You found it on level 3 of the Elven Halls)
 J - a ring of fire (left hand)
   (You found it on level 3 of the Dungeon)
 Q - a +6 ring of dexterity
   (You found it on level 11 of the Dungeon)
 Y - the ring "Addi" (right hand) {rC+ Int+4}
   (You found it on level 15 of the Dungeon)

   [ring of protection from cold]

   Int:       It affects your intelligence (+4).
   rC:        It protects you from cold.
Wands
 a - a wand of acid (6)
   (You found it on level 8 of the Dungeon)
 g - a wand of polymorph (10)
   (You found it on level 6 of the Dungeon)
 C - a wand of mindburst (22)
   (You found it on level 8 of the Dungeon)
 D - a wand of flame (50)
   (You bought it in a shop on level 6 of the Dungeon)
 E - a wand of iceblast (26)
   (You bought it in a shop on level 6 of the Dungeon)
 G - a wand of digging (13)
   (You found it on level 7 of the Dungeon)
 K - a wand of paralysis (10)
   (You found it on level 9 of the Dungeon)
Scrolls
 c - 4 scrolls of immolation
 e - 2 scrolls of fear
 j - 3 scrolls of fog
 r - 9 scrolls of identify
 s - 3 scrolls of vulnerability
 t - 2 scrolls of teleportation
 I - 2 scrolls of butterflies
 L - 3 scrolls of silence
 M - 3 scrolls of amnesia
 T - 4 scrolls of magic mapping
 W - 2 scrolls of poison
 X - 3 scrolls of enchant armour
Potions
 b - a potion of magic
 d - 5 potions of might
 h - 3 potions of haste
 n - a potion of resistance
 o - 2 potions of cancellation
 q - 11 potions of curing
 u - 4 potions of attraction
 v - 2 potions of lignification
 A - a potion of berserk rage
 B - 2 potions of mutation
 P - 6 potions of flight
 U - 3 potions of ambrosia
 V - 3 potions of invisibility
 Z - a potion of brilliance
Miscellaneous
 H - a piece from Xom's chessboard (15/15)
   (You found it on level 14 of the Dungeon)
 S - a phial of floods
   (You found it on level 12 of the Dungeon)


   Skills:
 - Level 10.0 Fighting
 - Level 1.7 Dodging
 - Level 1.4 Stealth
 + Level 17.2 Spellcasting
 * Level 17.2 Conjurations
 * Level 17.4 Fire Magic
 - Level 4.0 Evocations


You had 11 spell levels left.
You knew the following spells:

 Your Spells              Type           Power      Damage    Failure   Level
a - Foxfire               Conj/Fire      100%       2x1d9     0%          1
b - Scorch                Fire           100%       2d10      0%          2
c - Flame Wave            Conj/Fire      100%       2d21      0%          4
d - Fireball              Conj/Fire      64%        3d24      1%          5
e - Orb of Destruction    Conj           42%        9d12      1%          7
f - Starburst             Conj/Fire      64%        6d17      1%          6
g - Fire Storm            Conj/Fire      64%        8d16      47%         9
i - Irradiate             Conj/Tmut      30%        3d21      1%          5

Your spell library contained the following spells:

 Spells                   Type           Power      Damage    Failure   Level
 Lightning Bolt           Conj/Air       30%        1d47      1%          5
 Poisonous Vapours        Pois/Air       44%        N/A       1%          2
 Hailstorm                Conj/Ice       61%        3d13      1%          3
 Inner Flame              Hex/Fire       100%       N/A       1%          3
 Kindle Blastsparks       Fire/Tloc/Air  100%       2d18      1%          3
 Freezing Cloud           Conj/Ice/Air   25%        6-21      1%          5
 Iskenderun's Battlesphe  Conj           84%        2d13      1%          5
 Apportation              Tloc           44%        N/A       2%          1
 Necrotise                Necr           88%        1d8       2%          1
 Sting                    Tmut/Pois      88%        1d7       2%          1
 Summon Small Mammal      Summ           88%        N/A       2%          1
 Conjure Ball Lightning   Conj/Air       30%        3x3d10    3%          6
 Iron Shot                Conj/Erth      30%        9d6       3%          6
 Lesser Beckoning         Tloc           44%        N/A       4%          2
 Passwall                 Tmut/Erth      18%        N/A       4%          2
 Olgreb's Toxic Radiance  Pois           22%        N/A       7%          4
 Call Canine Familiar     Summ           22%        N/A       9%          3
 Gell's Gravitas          Tloc           22%        N/A       9%          3
 Portal Projectile        Hex/Tloc       44%        N/A       9%          3
 Summon Guardian Golem    Hex/Summ       22%        N/A       9%          3
 Teleport Other           Tloc           22%        N/A       9%          3
 Leda's Liquefaction      Hex/Erth       11%        N/A       26%         4
 Petrify                  Tmut/Erth      22%        N/A       26%         4
 Borgnjor's Vile Clutch   Necr/Erth      11%        N/A       58%         5
 Metabolic Englaciation   Hex/Ice        11%        N/A       58%         5
 Lehudib's Crystal Spear  Conj/Erth      30%        10d8      75%         8
 Simulacrum               Ice/Necr       11%        N/A       99%         6
 Statue Form              Tmut/Erth      14%        N/A       99%         6
 Dragon Form              Tmut           11%        N/A       100%        7
 Malign Gateway           Summ/Tloc      11%        N/A       100%        7
 Chain Lightning          Conj/Air       30%        3d40      100%        9
 Polar Vortex             Ice            11%        N/A       100%        9
 Shatter                  Erth           11%        3d12*     100%        9


Dungeon Overview and Level Annotations

Branches:
Dungeon (15/15) Zot: 25438  Temple (1/1) D:5 Zot: 5961    Lair (5/5) D:11 Zot: 23755
 Shoals (0/4) Lair:3        Snake (0/4) Lair:2        Slime (0/5) Lair:4
    Orc (2/2) D:12 Zot: 8659     Elf (3/3) Orc:2 Zot: 14854  Vaults (0/5) D:14
 Depths (0/4) D:15

Altars:
Ashenzari
Cheibriados
Dithmenos
Elyvilon
Fedhas
Gozag
Hepliaklqana
Kikubaaqudgha
Makhleb
Nemelex Xobeh
Okawaru
Qazlal
Ru
Sif Muna
Trog
Uskayaw
Vehumet
Wu Jian
Xom
Yredelemnul
Zin
The Shining One

Shops:
D:5 =   D:6 *   D:12 [*   Orc:2 ([*(

Annotations:
Temple 2 transporters
Orc:1 2 transporters


Innate Abilities, Weirdness & Mutations

You are too large for most types of armour.
You have tough skin. (AC +1)


Message History

You destroy the large abomination!
Vehumet accepts your kill.
You feel your power returning.
You are very lightly contaminated with residual magic.
The wretched star glows turbulently.
The lance of force hits you!
Unknown command.
Casting: Irradiate (mildly dangerous; 1% risk of failure)
Confirm with . or Enter, or press ? or * to list all spells.
You erupt in a fountain of uncontrolled magic!
The wretched star is blasted with magical radiation!!
The wretched star is severely damaged.
The wretched star glows turbulently.
The lance of force hits you!
You are knocked back by the lance of force.
You slam into the stone wall!
Unknown command.
Casting: Irradiate (mildly dangerous; 1% risk of failure)
Confirm with . or Enter, or press ? or * to list all spells.
You erupt in a fountain of uncontrolled magic!
The wretched star is blasted with magical radiation!!!
You destroy the wretched star!
Vehumet accepts your kill.
You feel your power returning.
The starspawn tentacle is blasted with magical radiation!!!
You destroy the starspawn tentacle!
The large abomination is blasted with magical radiation!!!
The large abomination is almost destroyed.
You are lightly contaminated with residual magic.
The large abomination closely misses you.
Your life force feels restored.
Unknown command.
Casting: Irradiate (mildly dangerous; 1% risk of failure)
Confirm with . or Enter, or press ? or * to list all spells.
You feel a strong surge of power!
The bolt of fire hits the tentacled starspawn!!!
The tentacled starspawn is almost destroyed.
The bolt of fire hits the large abomination!!!
You destroy the large abomination!
Vehumet accepts your kill.
You feel your power returning.
You hear a roar!
The tentacled starspawn bites you.
The tentacled starspawn tentacle-slaps you!!
* * * LOW HITPOINT WARNING * * *
You feel the corruption within you wane completely.
You no longer become unable to drink potions after taking damage.
Casting: Starburst (mildly dangerous; 1% risk of failure)
Confirm with . or Enter, or press ? or * to list all spells.
You feel a strong surge of power!
The bolt of fire hits the tentacled starspawn!!!
You destroy the tentacled starspawn!
Vehumet accepts your kill.
You feel your power returning.
You feel your intelligence returning.
Unknown command.
You are confused.
You feel invigorated.
A small abomination comes into view.
A tentacled starspawn comes into view.
A sky beast comes into view.
The small abomination closely misses you.
A white draconian stormcaller comes into view.
It is wielding a +0 dagger and wearing a +0 cloak of poison resistance.
You feel better.
You feel less invigorated. The small abomination hits you!!
* * * LOW HITPOINT WARNING * * *
The white draconian stormcaller invokes the aid of Qazlal against you.
The blast of rubble hits the small abomination!!!
The small abomination is destroyed!
The blast of rubble hits you!!!
* * * LOW HITPOINT WARNING * * *
Unknown command.
Unknown command.
As you read the scroll of fear, it crumbles to dust.
You assume a fearsome visage.
The white draconian stormcaller looks frightened!
The sky beast looks frightened!
The tentacled starspawn is unaffected.
Unknown command.
You feel much better.
The white draconian stormcaller gives up.
The tentacled starspawn misses you.
The tentacled starspawn tentacle-slaps you!!
* * * LOW HITPOINT WARNING * * *
You feel much better.
The tentacled starspawn barely misses you.
The tentacled starspawn tentacle-slaps you!
* * * LOW HITPOINT WARNING * * *
Okay, then.
You feel much better. The tentacled starspawn bites you!!
* * * LOW HITPOINT WARNING * * *
The tentacled starspawn tentacle-slaps you but does no damage.
Unknown command.
Casting: Starburst (mildly dangerous; 1% risk of failure)
Confirm with . or Enter, or press ? or * to list all spells.
You erupt in a fountain of uncontrolled magic!
The tentacled starspawn is blasted with magical radiation!!
The tentacled starspawn is moderately damaged.
The tentacled starspawn bites you!!
* * * LOW HITPOINT WARNING * * *
The tentacled starspawn tentacle-slaps you!
You die...

##.##. # .# #
#...... .
.#... . # #.
.##. # ..#. ..
###.###. ..#
#. ...
##.X.##. #.#.#
. . ....
#.###. . . . .
....../#.## ..
. ### .
....x..#..#...
.....# . .
.#..X@##### .
.. .. # x#.
#..##.# #.#..
. .. #.. ###
.#...#. . # #
#.. .. . # . .
##


You could see a tentacled starspawn and a small abomination.

Vanquished Creatures
  Saint Roka (Orc:1)
  A tentacled monstrosity (Abyss:2)
  Rupert (D:14)
  A deep elf master archer (Elf:3)
  2 tentacled starspawn (Abyss:2)
  The ghost of Komuxzan the Arsonist, a journeyman NaIE of Gozag (D:15)
  4 deep elf sorcerers
  2 balrugs (Abyss:2)
  A reaper (D:13)
  An orc warlord (Orc:1)
  A juggernaut skeleton (D:15)
  Nessos (D:14)
  3 deep elf annihilators (Elf:3)
  5 deep elf demonologists
  A bunyip (Abyss:2)
  A deep elf death mage (Elf:3)
  Josephine (Lair:5)
  4 hydras
  A rakshasa (Abyss:2)
  3 centaur warriors
  An ogre mage (D:14)
  22 dancing weapons
  A death knight (D:14)
  A tengu warrior (D:14)
  4 two-headed ogres
  4 boulder beetles
  13 death yaks
  A vampire mage (D:15)
  A thrashing horror (Abyss:2)
  12 deep elf knights
  Urug (D:14)
  Sonja (Lair:4)
  A sun demon (Abyss:2)
  3 wretched stars (Abyss:2)
  A sixfirhy (Abyss:2)
  10 skeletal warriors
  8 large abominations (Abyss:2)
  The ghost of gabibbone the Spear-Bearer, a novice HuMo of Nemelex Xobeh (D:8)
  3 wizards
  5 deep elf archers
  A lindwurm (Lair:4)
  17 deep elf zephyrmancers
  A necromancer (D:15)
  3 orc knights
  17 deep elf pyromancers
  20 ugly things
  2 orc sorcerers (Orc:2)
  2 worldbinders (Abyss:2)
  3 cyclopes
  4 elephants (Lair:5)
  Joseph (D:7)
  A torpor snail (Lair:2)
  2 black mambas (Lair:4)
  2 smoke demons (Abyss:2)
  2 merfolk sirens (Lair:3)
  2 unseen horrors
  11 cane toads
  A rime drake (shapeshifter) (D:13)
  3 rime drakes
  2 efreet
  2 tengu conjurers
  13 komodo dragons
  2 freezing wraiths (D:15)
  A kobold demonologist (D:12)
  2 merfolk (Lair:3)
  3 ancient zymes (Abyss:2)
  7 polar bears
  10 trolls
  A meliai (D:14)
  A queen bee (Lair:1)
  2 wolf spider simulacra
  Grinder (D:3)
  3 raiju (Abyss:2)
  An ettin zombie (D:15)
  6 hornets
  14 blink frogs
  6 dream sheep
  13 slime creatures
  2 flying skulls (Abyss:2)
  A shadow (D:10)
  14 spriggans
  An air elemental (Elf:1)
  A spriggan skeleton (D:15)
  2 vampires (D:10)
  3 water elementals (Elf:1)
  37 yaks
  5 wraiths
  3 fire elementals (D:11)
  8 basilisks
  3 neqoxecs (Abyss:2)
  16 humans (D:14)
  2 nagas (Lair:2)
  A chaos spawn (Abyss:2)
  3 wargs
  A human zombie (D:15)
  8 vampire mosquitoes
  Edmund (D:6)
  4 acid dragons
  12 water moccasins
  4 black bears (Lair:5)
  6 small abominations (Abyss:2)
  39 orc warriors
  A swamp drake (D:11)
  An ice beast (D:5)
  17 wolves
  11 boggarts
  8 ogres
  15 centaurs
  A phantom (D:5)
  3 kobold brigands
  8 bullfrogs
  3 scorpions
  2 gnoll sergeants
  2 necrophages (D:5)
  3 earth elementals
  4 wights
  25 killer bees (Lair:1)
  A howler monkey (D:5)
  An electric eel (D:11)
  2 jellies
  A gnoll bouda (D:8)
  3 hounds
  4 quasits (D:8)
  22 orc priests
  4 iguanas
  23 orc wizards
  19 gnolls
  7 adders
  2 shadow imps
  5 white imps
  2 ufetubi
  3 worms
  3 dart slugs
  117 orcs
  8 ball pythons
  7 endoplasms
  2 giant cockroaches
  7 goblins
  5 hobgoblins
  A quokka (D:4)
  11 bats
  3 frilled lizards (D:1)
  14 kobolds
  6 rats
  2 starspawn tentacles (Abyss:2)
881 creatures vanquished.

Vanquished Creatures (others)
  A small abomination (Abyss:2)
  497 foxfires
  33 fungi
  39 plants
  4 starspawn tentacles (Abyss:2)
  14 withered plants (D:15)
588 creatures vanquished.

Grand Total: 1469 creatures vanquished

Notes
Turn   | Place    | Note
-------+----------+-------------------------------------------
     0 | D:1      | Flugkiller the Ogre Fire Elementalist began the quest for
                  | the Orb.
     0 | D:1      | Reached XP level 1. HP: 16/16 MP: 3/3
    34 | D:1      | Reached skill level 1 in Conjurations
   157 | D:1      | Reached XP level 2. HP: 25/26 MP: 0/5
   173 | D:1      | Reached skill level 1 in Fighting
   280 | D:1      | Found a faded altar of an unknown god.
   623 | D:2      | Reached XP level 3. HP: 21/33 MP: 0/7
   876 | D:2      | Reached XP level 4. HP: 40/42 MP: 4/8
  1195 | D:3      | Found an opulent altar of Gozag.
  1687 | D:3      | Learned a level 2 spell: Scorch
  1995 | D:3      | Noticed Grinder
  1997 | D:3      | Paralysed by Grinder for 4 turns
  2016 | D:3      | Killed Grinder
  2017 | D:3      | Reached XP level 5. HP: 48/54 MP: 0/11
  2017 | D:3      | Reached XP level 6. HP: 56/62 MP: 0/12
  2749 | D:4      | Reached XP level 7. HP: 63/70 MP: 2/13
  3256 | D:5      | Entered Level 5 of the Dungeon
  3329 | D:5      | Found Hedue's Jewellery Shoppe.
  3335 | D:5      | Reached skill level 5 in Spellcasting
  3495 | D:5      | Found a burning altar of Makhleb.
  3546 | D:5      | Learned a level 4 spell: Flame Wave
  3568 | D:5      | Reached skill level 5 in Fire Magic
  3571 | D:5      | Reached XP level 8. HP: 78/78 MP: 5/16
  3799 | D:5      | Found a staircase to the Ecumenical Temple.
  3948 | Temple   | Entered the Ecumenical Temple
  3948 | Temple   | Found a transporter.
  3948 | Temple   | Found a transporter.
  3950 | Temple   | Found a transporter.
  3950 | Temple   | Found a transporter.
  3971 | Temple   | Became a worshipper of Vehumet
  4128 | D:5      | Found a glowing golden altar of the Shining One.
  4130 | D:5      | Found a white marble altar of Elyvilon.
  4132 | D:5      | Found a glowing silver altar of Zin.
  4399 | D:5      | Identified 2 scrolls of acquirement
  4399 | D:5      | Acquired 370 gold pieces
  4401 | D:5      | Acquired a +1 cloak of preservation
  4678 | D:6      | Found Jebb's Assorted Antiques.
  4704 | D:6      | Bought a scroll labelled SOETUH AVVOFA for 21 gold pieces
  4704 | D:6      | Bought a scroll labelled SOETUH AVVOFA for 21 gold pieces
  4704 | D:6      | Bought a scroll labelled ZEANYRE XOSHI for 21 gold pieces
  4704 | D:6      | Bought a lead wand for 84 gold pieces
  4704 | D:6      | Bought a jewelled brass wand for 84 gold pieces
  4704 | D:6      | Bought a wand of flame (8) for 117 gold pieces
  4806 | D:6      | Reached skill level 5 in Conjurations
  4813 | D:6      | Found an ancient bone altar of Kikubaaqudgha.
  5195 | D:6      | Found a sparkling altar of Nemelex Xobeh.
  5211 | D:6      | Noticed Edmund
  5226 | D:6      | Killed Edmund
  5696 | D:7      | Reached XP level 9. HP: 77/84 MP: 12/19
  5697 | D:7      | Reached * piety under Vehumet
  5697 | D:7      | Offered knowledge of Magic Dart by Vehumet.
  6132 | D:7      | Noticed Joseph
  6142 | D:7      | Killed Joseph
  6189 | D:7      | Found a broken altar of Ashenzari.
  6590 | D:8      | Reached XP level 10. HP: 92/92 MP: 15/22
  6601 | D:7      | Reached ** piety under Vehumet
  6601 | D:7      | Offered knowledge of Kiss of Death by Vehumet.
  6674 | D:8      | Found a stormy altar of Qazlal.
  6686 | D:8      | Found a shimmering blue altar of Sif Muna.
  6775 | D:8      | Found an ornate altar of the Wu Jian Council.
  6803 | D:8      | Found a transporter.
  6803 | D:8      | Noticed gabibbone's ghost (novice HuMo)
  6838 | D:8      | Found a transporter.
  6863 | D:8      | You fall into a shaft and drop 2 floors!
  6863 | D:10     | Entered Level 10 of the Dungeon
  6916 | D:10     | Killed an unseen horror
  6982 | D:10     | Noticed a two-headed ogre
  7175 | D:10     | Killed a two-headed ogre
  7176 | D:10     | Reached skill level 10 in Spellcasting
  7313 | D:10     | Found a hazy altar of Hepliaklqana.
  7314 | D:10     | Found a basalt altar of Yredelemnul.
  7360 | D:10     | Noticed a two-headed ogre
  7368 | D:10     | Killed a two-headed ogre
  7440 | D:10     | Reached XP level 11. HP: 87/100 MP: 17/25
  8217 | D:9      | Found a bloodstained altar of Trog.
  8637 | D:8      | Found a shimmering altar of Xom.
  8952 | D:8      | Offered knowledge of Frozen Ramparts by Vehumet.
  8955 | D:8      | Killed gabibbone's ghost
  9372 | D:11     | Reached *** piety under Vehumet
  9468 | D:11     | Found a staircase to the Lair.
  9705 | D:11     | Noticed a cyclops
  9706 | D:11     | Noticed a two-headed ogre
  9718 | D:11     | Killed a two-headed ogre
  9719 | D:11     | Reached skill level 10 in Fire Magic
  9721 | D:11     | Killed a cyclops
  9953 | D:11     | Identified the +1 flail of Circular Logic {heavy, rPois rF+
                  | Dex+4}
  9982 | D:11     | Acquired a book of the Spheres
  9990 | D:11     | Learned a level 5 spell: Fireball
 10053 | D:11     | Noticed a wizard
 10061 | D:11     | Noticed a wizard
 10213 | D:12     | Noticed a manticore
 10213 | D:12     | Noticed a manticore
 10216 | D:12     | Reached XP level 12. HP: 100/107 MP: 22/28
 10217 | D:12     | Reached skill level 10 in Conjurations
 10219 | D:12     | Offered knowledge of Mephitic Cloud by Vehumet.
 10224 | D:12     | Reached skill level 1 in Evocations
 10370 | D:12     | Found a staircase to the Orcish Mines.
 10435 | D:12     | Found Betym's Assorted Antiques.
 10443 | D:12     | Bought a glowing orange potion for 30 gold pieces
 10857 | D:11     | Found a staircase to the Lair.
 11491 | D:11     | Got Sif Muna's Encyclopedia of Combative Malediction
 11493 | D:11     | Got Sif Muna's Quarto of Accompaniment and Changes
 11616 | Lair:1   | Entered Level 1 of the Lair of Beasts
 11625 | Lair:1   | Learned a level 7 spell: Orb of Destruction
 11858 | Lair:1   | Noticed a boulder beetle
 11871 | Lair:1   | Found a hide-covered altar of Uskayaw.
 11872 | Lair:1   | Found an ornate altar of the Wu Jian Council.
 11901 | Lair:1   | Killed a boulder beetle
 12005 | Lair:1   | Identified the +1 sling of Tenacity {heavy, rPois}
 12101 | Lair:1   | Noticed a death yak
 12102 | Lair:1   | Noticed a death yak
 12102 | Lair:1   | Noticed a death yak
 12102 | Lair:1   | Noticed a death yak
 12102 | Lair:1   | Noticed a death yak
 12130 | Lair:1   | Noticed a death yak
 12518 | Lair:1   | Reached **** piety under Vehumet
 12519 | Lair:1   | Offered knowledge of Stone Arrow by Vehumet.
 13063 | Lair:2   | Noticed a five-headed hydra
 13072 | Lair:2   | Killed a five-headed hydra
 13138 | Lair:2   | Reached XP level 13. HP: 101/114 MP: 19/30
 13195 | Lair:2   | Found a staircase to the Snake Pit.
 13890 | Lair:3   | Found a staircase to the Shoals.
 15006 | Lair:4   | Reached skill level 5 in Fighting
 15158 | Lair:4   | Noticed Sonja
 15167 | Lair:4   | Killed Sonja
 15350 | Lair:4   | Learned a level 6 spell: Starburst
 15505 | Lair:4   | Found a staircase to the Slime Pits.
 15914 | Lair:5   | Entered Level 5 of the Lair of Beasts
 16268 | Lair:5   | Noticed Josephine
 16278 | Lair:5   | Killed Josephine
 16429 | Lair:5   | Reached XP level 14. HP: 114/131 MP: 15/32
 16465 | Lair:5   | Reached ***** piety under Vehumet
 16475 | Lair:5   | Offered knowledge of Eringya's Noxious Bog by Vehumet.
 17937 | D:12     | Identified the +1 robe "Wenkanu" {rC- Dex+6 SInv}
 18376 | D:12     | Found Hesuikko's Armour Emporium.
 18667 | D:13     | HP: 1/137 [centaur/arrow[a centaur warrior] (11)]
 19043 | D:13     | Identified the +1 kite shield of the Noxious God {rPois rC-
                  | Str+4}
 19146 | D:13     | Reached XP level 15. HP: 134/146 MP: 9/33
 19370 | D:13     | Found the +5 scythe "Finisher" {speed, eviscerate}
 19681 | D:14     | Noticed Urug
 19681 | D:14     | Noticed Rupert
 19681 | D:14     | Noticed Nessos
 19681 | D:14     | Found a gate to the Vaults.
 19879 | D:14     | Offered knowledge of Iskenderun's Mystic Blast by Vehumet.
 19903 | D:14     | Reached skill level 15 in Spellcasting
 20234 | D:14     | Killed Urug
 20259 | D:14     | Killed Nessos
 20478 | D:14     | Found a sacrificial altar of Ru.
 20505 | D:14     | Got the Atlas of the Valley
 20863 | D:14     | Reached skill level 10 in Fighting
 20884 | D:14     | Killed Rupert
 21117 | D:15     | Entered Level 15 of the Dungeon
 21189 | D:15     | Identified the +1 great sword "Tatil" {freeze, rPois rF-
                  | rC+ rN+}
 21722 | D:15     | Found a staircase to the Depths.
 21864 | D:15     | Found a runed translucent door.
 21866 | D:15     | Noticed Komuxzan's ghost (journeyman NaIE)
 21868 | D:15     | Identified the +3 trident of Aphaf {protect, Dex+4}
 21942 | D:15     | Reached skill level 15 in Fire Magic
 21947 | D:15     | Killed Komuxzan's ghost
 22067 | D:15     | Identified the ring "Addi" {rC+ Int+4}
 22272 | D:15     | Reached XP level 16. HP: 150/158 MP: 28/35
 22449 | Orc:1    | Entered Level 1 of the Orcish Mines
 22496 | Orc:1    | Offered knowledge of Irradiate by Vehumet.
 22558 | Orc:1    | Learned a level 5 spell: Irradiate
 22568 | Orc:1    | Learned a level 9 spell: Fire Storm
 22596 | Orc:2    | Entered Level 2 of the Orcish Mines
 22631 | Orc:2    | Reached ****** piety under Vehumet
 22910 | Orc:2    | Found a staircase to the Elven Halls.
 23094 | Orc:2    | Reached skill level 15 in Conjurations
 23258 | Orc:2    | Noticed Saint Roka
 23439 | Orc:1    | Killed Saint Roka
 23848 | Orc:2    | Found Axassim's Antique Weapon Shoppe.
 24238 | Orc:2    | Offered knowledge of Yara's Violent Unravelling by Vehumet.
 24293 | Orc:2    | Found Mime Mesch's General Store.
 24416 | Orc:2    | Found Tepneegua's Antique Weapon Shop.
 24418 | Orc:2    | Found Basatem's Antique Armour Boutique.
 24848 | Orc:1    | Found a bloodstained altar of Trog.
 24848 | Orc:1    | Found the necklace of Bloodlust {Fury *Rage Will++ Int-3
                  | Slay+6}
 24945 | Orc:1    | Found a transporter.
 25311 | Orc:1    | Found a transporter.
 25410 | D:12     | Bought a long runed staff for 408 gold pieces
 25506 | Elf:1    | Entered Level 1 of the Elven Halls
 25531 | Abyss:2  | Cast into level 2 of the Abyss (a wizard)
 25616 | Abyss:2  | Found a corrupted altar of Lugonu.
 25632 | Abyss:2  | Found a corrupted altar of Lugonu.
 25667 | Abyss:2  | Noticed a tentacled starspawn
 25672 | Abyss:2  | Found a corrupted altar of Lugonu.
 25674 | Abyss:2  | Killed a tentacled starspawn
 25948 | Abyss:2  | Offered knowledge of Arcjolt by Vehumet.
 25962 | Abyss:2  | Noticed a tentacled starspawn
 25962 | Abyss:2  | Noticed a tentacled starspawn
 25964 | Abyss:2  | Found a corrupted altar of Lugonu.
 25964 | Abyss:2  | Noticed a tentacled starspawn
 25964 | Abyss:2  | Noticed a tentacled starspawn
 25964 | Abyss:2  | Noticed a tentacled starspawn
 25991 | Abyss:2  | Noticed a tentacled monstrosity
 26002 | Abyss:2  | Killed a tentacled monstrosity
 26063 | Abyss:2  | Noticed a profane servitor
 26112 | Abyss:2  | Found a corrupted altar of Lugonu.
 26130 | Abyss:2  | Noticed a bone dragon
 26270 | Elf:1    | Escaped the Abyss
 26537 | Elf:1    | You fall into a shaft and drop 1 floor!
 26794 | Elf:2    | Found a runed translucent gate.
 26794 | Elf:2    | Found a runed translucent gate.
 26794 | Elf:2    | Found a runed translucent gate.
 26797 | Elf:2    | Identified the +8 long sword of Seahayfaca {vamp, rN+ rCorr
                  | Int+3}
 26802 | Elf:2    | Noticed an Executioner
 26803 | Elf:2    | Reached XP level 17. HP: 164/166 MP: 19/37
 28568 | Elf:3    | Entered Level 3 of the Elven Halls
 29136 | Elf:2    | Found a radiant altar of Vehumet.
 29341 | Elf:3    | Offered knowledge of Lightning Bolt by Vehumet.
 29835 | Elf:3    | Noticed a deep elf master archer
 29836 | Elf:3    | Killed a deep elf master archer
 29836 | Abyss:2  | Cast into level 2 of the Abyss (a deep elf sorcerer)
 30292 | Abyss:2  | Noticed a tentacled starspawn
 30298 | Abyss:2  | Killed a tentacled starspawn
 30299 | Abyss:2  | Noticed a tentacled starspawn
 30302 | Abyss:2  | HP: 4/166 [white draconian stormcaller (36)]
 30307 | Abyss:2  | Slain by a tentacled starspawn

Illustrated notes

Levels and vault maps discovered:
D:1:      minmay_arrival_radiant_lines, layout_rooms,
          shapermc_ecumenical_altar_gd
D:2:      minmay_spotlight, layout_rooms
D:3:      layout_basic, mainiacjoe_overflow_chevrons, nicolae_wormholes,
          uniq_grinder
D:4:      layout_basic
D:5:      layout_loops_ring, good_gods_mini_temple, bloody_makhleb,
          minmay_temple_entry_nine_rooms, serial_shops, shop, st_stairs_6,
          solitary_fountain
D:6:      layout_loops_corners, amcnicky_altar_gilded,
          nemelex_xobeh_ov_fountains_minmay, serial_shops,
          nicolae_shop_temple_entry_statues_fountains, uniq_edmund
D:7:      layout_basic, old_standard_altar, uniq_joseph
D:8:      layout_rooms, nzn_wu_jian_contemplation,
          mainiacjoe_overflow_boulevard, nicolae_qazlal_general_emergency,
          mainiacjoe_overflow_24_doors, gammafunk_ghost_stat_death,
          dreamdust_gnoll_shepherd
D:9:      layout_irregular_city, bloody_trog
D:10:     layout_irregular_city, nicolae_overflow_squiral
D:11:     cheibrodos_lost_city_excavation, layout_irregular_city,
          erik_lair_dragon, serial_bayou, serial_bayou_pond_d,
          serial_bayou_pond_c, serial_bayou_pond_e, kb_lookout_dungeons_type,
          corexii_leaking_fountain
D:12:     layout_gridville, orc_0_dummy, serial_glass, glass_columns_a,
          glass_columns_a, glass_columns_a, glass_columns_a, glass_columns_a,
          glass_columns_a, glass_columns_a, glass_columns_b,
          due_unseen_surprise, minmay_strange_pillars, item_on_display_b,
          minmay_strange_pillars, serial_shops, shop, shop,
          lemuel_flamethrower_2
D:13:     layout_rooms, minmay_guarded_unrand_finisher
D:14:     kennysheep_blocky_room, layout_rooms, david_vaults_3,
          nicolae_ru_sacrificial_ziggurat, hellmonk_bongcloud_opening,
          chequers_avenue
D:15:     gammafunk_depths_entry_grave, layout_rooms, minmay_misc_feat_tower,
          ebering_ghost_funeral_grove
Temple:   hellmonk_temple_divided_pantheon
Lair:1:   layout_roguey [special_room_bee], nzn_masters_of_martial_movement,
          grunt_megastairs_3
Lair:2:   layout_gridlike, guppyfry_snake_entry_garden,
          chequers_serial_rivers_room_a
Lair:3:   layout_long_grid, elwin_shoals_entry_stream, bh_autumn_forest_stairs,
          columned_hall_lemuel
Lair:4:   layout_cave_pods, slime_entry_1, chequers_serial_rivers_small_3,
          grunt_megastairs_4, uniq_sonja, uniq_rupert
Lair:5:   minmay_lair_end_enchanted_forest, layout_hall_layers, uniq_josephine
Orc:1:    emtedronai_trogs_sanctum, layout_diamond_mine, roderic_batcave
Orc:2:    grunt_orc_community_town_hall, layout_diamond_mine,
          grunt_orc_community_big_house_2, grunt_orc_community_big_house_1,
          grunt_orc_community_house_3, grunt_orc_community_house_2,
          grunt_orc_community_house_1, grunt_orc_community_house_2,
          grunt_orc_community_house_2
Elf:1:    layout_gridlike, hangedman_elf_disciples
Elf:2:    elven_hall_of_blades_hangedman_original [nicolae_blade_lattice],
          layout_onion_city, lemuel_upstairs_altar
Elf:3:    minmay_elf_hall_furrowed, layout_geoelf_grid
Abyss:2:  base: D:5, hangedman_abyss_feature_spike, evilmike_abyss_exit_3,
          gammafunk_corrupted_shrine, gammafunk_corrupted_shrine,
          serial_sigils_hangedman_snap, base: Snake:2, evilmike_abyss_exit_12,
          minivault_20

Skill      XL: |  1  2  3  4  5  6  7  8  9 10 11 12 13 14 15 16 17 |
---------------+----------------------------------------------------+-----
Conjurations   | 1 2 3 4 5 7 8 9 11 12 13 14 16 17 | 17.2
Fighting       | 1 2 3 4 6 9 10 | 10.0
Fire Magic     | 3 4 5 6 7 9 10 11 12 13 15 16 17 | 17.4
Spellcasting   | 3 4 5 7 8 10 12 13 14 15 16 17 | 17.2
Evocations     | 4 |  4.0
Dodging        | |  1.7
Stealth        | |  1.4

Action                     |  1- 3 |  4- 6 |  7- 9 | 10-12 | 13-15 | 16-18 || total
---------------------------+-------+-------+-------+-------+-------+-------++-------
  Melee: Unarmed           |    13 |       |       |       |       |       ||    13
         Dagger            |    30 |    45 |    54 |    27 |       |       ||   156
         Punch             |     1 |       |     2 |       |     1 |       ||     4
         Flail             |       |       |       |    12 |    42 |    18 ||    72
         Staff             |       |       |       |       |       |     8 ||     8
  Throw: Dart              |       |       |       |       |     3 |       ||     3
   Cast: Foxfire           |    39 |    36 |   179 |    36 |       |       ||   290
         Scorch            |       |    16 |    29 |    41 |    17 |     6 ||   109
         Flame Wave        |       |       |    10 |    78 |    69 |    37 ||   194
         Fireball          |       |       |       |    12 |    67 |   183 ||   262
         Starburst         |       |       |       |       |   142 |    40 ||   182
         Orb of Destructio |       |       |       |       |     5 |    15 ||    20
         Irradiate         |       |       |       |       |       |    52 ||    52
  Evoke: Wand              |       |       |       |    12 |    10 |     2 ||    24
         Phial of floods   |       |       |       |     1 |     1 |     2 ||     4
    Use: Scroll            |     3 |     7 |    15 |    12 |     7 |     9 ||    53
         Potion            |       |       |       |     2 |     4 |    15 ||    21
   Stab: Sleeping          |       |     1 |       |       |       |       ||     1
 Armour: Robe              |    12 |    18 |    25 |    21 |       |       ||    76
         Troll leather arm |       |       |       |   126 |   134 |    85 ||   345
  Dodge: Dodged            |    30 |    14 |    48 |   122 |   177 |   112 ||   503

Table legend: (Time is in decaauts)
 A = Elapsed time spent in this place.
 B = Non-inter-level travel time spent in this place.
 C = Inter-level travel time spent in this place.
 D = Time resting spent in this place.
 E = Time spent auto-exploring this place.
 F = Levels seen in this place.
 G = Mean time per level.
                   A        B        C        D        E       F      G
               +--------+--------+--------+--------+--------+-----+--------+
         Total |  30458 |  28561 |   1897 |   8497 |  14357 |  28 | 1087.8 |
       Dungeon |  16479 |  15380 |   1099 |   4003 |   8366 |  15 | 1098.6 |
        Temple |     38 |     38 |      0 |      0 |      7 |   1 |   38.0 |
          Lair |   6244 |   6022 |    222 |   1653 |   3188 |   5 | 1248.8 |
  Orcish Mines |   3340 |   2924 |    416 |   1250 |   1141 |   2 | 1670.0 |
   Elven Halls |   3143 |   2986 |    157 |   1041 |   1496 |   3 | 1047.7 |
         Abyss |   1211 |   1211 |      0 |    549 |    159 |   2 |  605.5 |
               +--------+--------+--------+--------+--------+-----+--------+

Top non-repeatable levels by time:
    D:11: 2049 daAuts
   Orc:2: 1887 daAuts
    D:12: 1567 daAuts
   Elf:2: 1508 daAuts
   Orc:1: 1453 daAuts
  Lair:5: 1410 daAuts
  Lair:4: 1397 daAuts
    D:14: 1391 daAuts
  Lair:1: 1379 daAuts
    D:13: 1221 daAuts
 Abyss:2: 1211 daAuts
    D:15: 1201 daAuts
     D:6: 1200 daAuts
     D:5: 1189 daAuts
     D:3: 1118 daAuts
